 Dungeon Crawl Stone Soup version 0.23.0-3-gf3c87f2 (webtiles) character file.

Game seed: 4213503807523119576

84 CrossKnight the Conjurer (level 4, -1/27 HPs)
             Began as an Octopode Conjurer on Feb 21, 2019.
             Was an Initiate of Wu Jian.
             Killed by divine providence
             ... invoked by an orc priest
              (14 damage)
             ... on level 3 of the Dungeon.
             The game lasted 00:10:46 (2421 turns).

CrossKnight the Conjurer (Octopode Conjurer)        Turns: 2421, Time: 00:10:46

Health: -1/27      AC:  1    Str:  7    XL:     4   Next: 45%
Magic:  3/7        EV: 13    Int: 18    God:    Wu Jian [......]
Gold:   118        SH:  0    Dex: 12    Spells: 6/7 levels left

rFire    . . .     SeeInvis .   (no weapon)
rCold    . . .     Gourm    .   (no shield)
rNeg     . . .     Faith    .   (helmet restricted)
rPois    .         Spirit   .   (no amulet)
rElec    .         Reflect  .   (no ring)
rCorr    .         Harm     .   (no ring)
MR       .....                  (no ring)
Stlth    +++.......             (no ring)
HPRegen  0.09/turn              (no ring)
MPRegen  0.10/turn              (no ring)
                                (no ring)
                                (no ring)

@: no status effects
A: almost no armour, stealthy swim, amphibious, 8 rings, constrict 8, camouflage
1, gelatinous body 1
a: Renounce Religion


You were on level 3 of the Dungeon.
You worshipped Wu Jian.
Wu Jian was noncommittal.
You were not hungry.

You visited 1 branch of the dungeon, and saw 3 of its levels.

You collected 118 gold pieces.

Inventory:

Hand Weapons
 a - a +0 dagger
 d - a +0 club
 e - a +0 whip
Scrolls
 c - 5 scrolls of identify {unknown}
 f - 4 scrolls of remove curse {unknown}
 j - a scroll of fear {unknown}
 o - a scroll of teleportation {unknown}
 p - a scroll of noise {unknown}
Potions
 b - a potion of lignification {unknown}
 g - a potion of haste {unknown}
 h - a potion of resistance {unknown}
 i - 2 potions of curing {unknown}
 k - 3 potions of might {unknown}
 m - a potion of flight {unknown}
 n - a potion of agility {unknown}


   Skills:
 + Level 0.5 Fighting
 + Level 0.7 Maces & Flails
 + Level 2.4 Dodging
 + Level 3.5 Stealth
 + Level 0.4 Unarmed Combat
 + Level 2.4 Spellcasting
 + Level 4.8 Conjurations


You had 6 spell levels left.
You knew the following spells:

 Your Spells              Type           Power        Failure   Level  Hunger
a - Magic Dart            Conj           ###.         2%          1    #......

Your spell library contained the following spells:

 Spells                   Type           Power        Failure   Level  Hunger
 Searing Ray              Conj           ###...       3%          2    ##.....
 Dazzling Spray           Conj/Hex       ##....       19%         3    ###....
 Iskenderun's Mystic Bla  Conj           ###.....     24%         4    #####..
 Force Lance              Conj/Tloc      ##......     54%         4    #####..
 Fulminant Prism          Conj/Hex       ##........   54%         4    #####..


Dungeon Overview and Level Annotations

Branches:
Dungeon (3/15)

Altars:
Dithmenos
Nemelex Xobeh
Wu Jian


Innate Abilities, Weirdness & Mutations

You cannot wear most types of armour.
You are very stealthy in the water. (Stealth+)
You are amphibious.
You can wear up to eight rings at the same time.
You can use your tentacles to constrict eight enemies at once.
Your skin changes colour to match your surroundings (Stealth+).
Your rubbery body absorbs attacks. (AC +1, EV +1)


Message History

The orc priest invokes the aid of Beogh against you.
Beogh smites you!
Ouch! That really hurt!
Casting: Magic Dart (safe; 2% risk of failure)
Confirm with . or Enter, or press ? or * to list all spells.
Aiming: Magic Dart (safe; 2% risk of failure)
Press: ? - help, Shift-Dir - straight line, f - orc priest
Aim: an orc priest, wielding a +0 short sword The magic dart hits the orc priest but does no damage.
Casting: Magic Dart (safe; 2% risk of failure)
Confirm with . or Enter, or press ? or * to list all spells.
Aiming: Magic Dart (safe; 2% risk of failure)
Press: ? - help, Shift-Dir - straight line, f/p - orc priest
Aim: an orc priest, wielding a +0 short sword The magic dart hits the orc priest.
The orc priest is moderately wounded.
The orc priest calls down the wrath of Beogh upon you.
Beogh smites you!
Ouch! That really hurt!
You die...

... ... ##.....
## ...#.. ..
#####..#.# .#
........##.#
#.#..<.....#
#.#.$PPPPP.#
#....P$$$P.##.#
#....P)@oP....#
##..<.$...###..
#...PPPPP#
#......$.#
............$>
...............#
...............##
###.#....!...#...
#.#...#.#######


You could see an orc priest.

Vanquished Creatures
  An adder (D:2)
  2 oozes
  3 dart slugs
  3 leopard geckos
  2 orcs
  5 bats
  2 giant cockroaches (D:2)
  13 goblins
  8 hobgoblins
  A ball python (D:2)
  6 kobolds
  6 rats
  2 toadstools (D:3)
54 creatures vanquished.

Notes
Turn   | Place    | Note
-------+----------+-------------------------------------------
     0 | D:1      | CrossKnight the Octopode Conjurer began the quest for the
                  | Orb.
     0 | D:1      | Reached XP level 1. HP: 11/11 MP: 3/3
   330 | D:1      | Reached XP level 2. HP: 17/17 MP: 3/5
   525 | D:1      | Reached XP level 3. HP: 21/21 MP: 3/6
  1034 | D:2      | Found an ornate altar of the Wu Jian Council.
  1074 | D:2      | Became a worshipper of the Wu Jian Council
  1180 | D:2      | Reached XP level 4. HP: 14/27 MP: 7/7
  1487 | D:2      | Found a sparkling altar of Nemelex Xobeh.
  2006 | D:2      | Found a shadowy altar of Dithmenos.
  2421 | D:3      | Killed from afar by an orc priest

Skill      XL: |  1  2 |
---------------+-------+-----
Stealth        | 3 |  3.5
Fighting       | |  0.5
Maces & Flails | |  0.7
Dodging        | |  2.4
Unarmed Combat | |  0.4
Spellcasting   | |  2.4
Conjurations   | |  4.8

Action                   |  1- 3 |  4- 6 || total
-------------------------+-------+-------++-------
Melee: Tentacles         |     5 |     2 ||     7
       Dagger            |     2 |       ||     2
       Constrict         |     9 |     5 ||    14
       Whip              |    20 |       ||    20
       Unarmed           |    10 |    30 ||    40
 Cast: Magic Dart        |    39 |    32 ||    71
Invok: Lunge             |     3 |       ||     3
 Stab: Sleeping          |     3 |       ||     3
  Eat: Ration            |       |     2 ||     2
Armor: Skin              |     3 |     1 ||     4
Dodge: Dodged            |    26 |    28 ||    54
